 Dungeon Crawl Stone Soup version 0.22-a0-284-g99d1f74 (webtiles) character file.

11123 Amnesiac the Nimble (level 11, 0/58 HPs)
             Began as a Spriggan Fighter on Mar 21, 2018.
             Was an Initiate of Gozag.
             Slain by an orc warrior
             ... wielding a +2 scimitar of freezing
              (4 damage)
             ... on level 2 of the Orcish Mines.
             The game lasted 00:23:00 (14296 turns).

Amnesiac the Nimble (Spriggan Fighter)             Turns: 14296, Time: 00:23:01

Health: 0/58       AC:  5    Str: 15    XL:     11   Next: 45%
Magic:  0/12       EV: 28    Int: 10    God:    Gozag
Gold:   2714       SH:  8    Dex: 16    Spells: 6/10 levels left

rFire    . . .     SeeInvis +   a - +1 scimitar
rCold    + . .     Gourm    .   c - +0 buckler
rNeg     + . .     Faith    .   C - +2 robe {rC+}
rPois    .         Spirit   +   (helmet restricted)
rElec    .         Reflect  .   x - +0 cloak
rCorr    +         Harm     .   (gloves unavailable)
MR       +....                  (boots unavailable)
Stlth    +.........             u - amulet of guardian spirit
HPRegen  0.19/turn              t - ring of positive energy
MPRegen  0.13/turn              D - ring of resist corrosion

@: gold aura, very quick
A: very small, unfitting armour, see invisible, herbivore, speed 3, slow
metabolism 2
a: Potion Petition, Call Merchant, Bribe Branch, Renounce Religion


You were on level 2 of the Orcish Mines.
You worshipped Gozag.
Gozag was most pleased with you.
You were not hungry.

You visited 2 branches of the dungeon, and saw 11 of its levels.

You collected 2962 gold pieces.
You spent 174 gold pieces at shops.
You paid 74 gold pieces to Gozag.

Inventory:

Hand Weapons
 a - a +1 scimitar (weapon)
 b - a +2 dagger of speed
 j - a +0 hand axe of flaming
Missiles
 n - a throwing net (quivered)
 q - 322 stones
 F - 32 poisoned needles
 G - 7 needles of confusion
 L - 6 needles of sleeping
Armour
 c - a +0 buckler (worn)
 x - a +0 cloak (worn)
 C - a +2 robe of cold resistance (worn)
 R - a +0 robe of magic resistance
Jewellery
 r - an uncursed ring of wizardry
 s - an uncursed ring of flight
 t - a ring of positive energy (left hand)
 u - an amulet of guardian spirit (around neck)
 w - an uncursed ring of positive energy
 D - a ring of resist corrosion (right hand)
 J - an uncursed amulet of rage {unknown}
Wands
 v - a wand of iceblast (9)
 M - a wand of disintegration (6)
 N - a wand of scattershot (3)
 Q - a wand of polymorph (14)
Scrolls
 e - a scroll of identify {!r}
 g - 5 scrolls of enchant weapon {!r}
 h - 8 scrolls of teleportation {!r}
 k - 2 scrolls of blinking {!r}
 l - 3 scrolls of magic mapping {!r}
 m - 10 scrolls of remove curse {!r}
 y - a scroll of fog {!r, unknown}
 B - 2 scrolls of immolation {!r}
 H - 3 scrolls of enchant armour {!r}
 I - 2 scrolls of fear {!r}
 O - a scroll of holy word {!r, unknown}
 P - a scroll of noise {!r, unknown}
Potions
 d - 4 potions of might {!q}
 i - 2 potions of flight {!q}
 o - 2 potions of invisibility {!q}
 p - 4 potions of agility {!q}
 z - 2 potions of lignification {!q}
 A - a potion of heal wounds {!q, unknown}
 E - a potion of haste {!q}
Comestibles
 f - 12 rations


   Skills:
 + Level 7.3 Fighting
 * Level 9.9 Long Blades
 + Level 12.1 Dodging
 + Level 6.7 Shields


You had 6 spell levels left.
You knew the following spells:

 Your Spells              Type           Power        Failure   Level  Hunger
a - Animate Skeleton      Necr           N/A          36%         1    ##.....
r - Regeneration          Chrm/Necr      #.........   75%         3    ####...


Dungeon Overview and Level Annotations

Branches:
Dungeon (9/15)             Temple (0/1) D:5            Lair (0/6) D:8
    Orc (2/2) D:9             Elf (0/3) Orc:2

Altars:
Ashenzari
Elyvilon
Fedhas
Gozag
Nemelex Xobeh
Qazlal
Ru
Sif Muna
Uskayaw

Shops:
Orc:1 [


Innate Abilities, Weirdness & Mutations

You are very small and have problems with some larger weapons.
You are too small for most types of armour.
You have supernaturally acute eyesight. (SInv)
You are a herbivore.
You cover ground extremely quickly.
You need to consume almost no food.


Message History

You start resting.
An orc priest comes into view. It is wielding a hand axe.
An orc priest is nearby!
An orc priest is nearby!
An orc warrior and an orc priest come into view.
The orc warrior is wielding a scimitar of freezing.
The orc warrior shouts!
The orc priest hits you with a hand axe.
* * * LOW HITPOINT WARNING * * *
The orc priest moves out of view.
Things that are here:
4 gold pieces; a flail You hit the orc priest but do no damage.
You block the orc priest's attack.
The orc priest shouts!
You hit the orc priest.
The orc priest is lightly wounded.
The orc priest invokes the aid of Beogh against you.
Beogh smites you!
* * * LOW HITPOINT WARNING * * *
That item cannot be evoked!
Unknown command.
Evoke which item? (* to show all) (? for menu, Esc to quit)
Aiming: Cloud Cone
Press: ? - help, Dir - move target cursor, f - orc priest
Aim: an orc priest, wielding a hand axe (lightly wounded)
You create a blast of flame!
The now-empty wand crumbles to dust.
The orc priest is engulfed in blazing flames.
You kill the orc priest!
You start resting.
Magic restored.
You start resting.
An orc warrior is nearby!
An orc warrior is nearby!
Evoke which item? (* to show all) (? for menu, Esc to quit)
Okay, then.
There is a stone staircase leading up here.
Evoke which item? (* to show all) (? for menu, Esc to quit)
Aiming: Iceblast
Press: ? - help, Shift-Dir - straight line The mass of ice explodes!
The iceblast engulfs the orc warrior.
The orc warrior is heavily wounded.
The iceblast engulfs the orc priest.
The orc priest is almost dead.
Evoke which item? (* to show all) (? for menu, Esc to quit)
Aiming: Iceblast
Press: ? - help, Shift-Dir - straight line The mass of ice explodes!
The iceblast engulfs the orc warrior.
The orc warrior is almost dead.
The iceblast engulfs the orc priest.
You kill the orc priest!
Press: ? - help, v - describe, . - travel
Here: an orc warrior, wielding a scimitar of freezing and wearing a plate armour (almost dead)
The floor.
You barely miss the orc warrior.
The orc warrior is almost dead.
The orc warrior barely misses you.
You completely miss the orc warrior.
The orc warrior is almost dead.
The orc warrior hits you with a scimitar of freezing!!
* * * LOW HITPOINT WARNING * * *
The orc warrior freezes you.
You die...
Your body crumbles into a pile of gold.

#..#..).)...###.....####.......##
..[[.[[<.....#......#####......#.
..[...................####..#....
.................................
...##.#.........................#
...............................##
........................#.......#
.......#........................#
................@................
.#.#......#.....o................
#................................
................$..))............
...................)#............
........#..........[.............
#...............................#
^................................
.....................#...>.......


You could see an orc warrior.

Vanquished Creatures
  The ghost of p0werm0de the Cleaver, a journeyman GrCK of Xom (Orc:2)
  A hydra (D:8)
  3 two-headed ogres (D:8)
  Pikel (D:7)
  The ghost of braks the Skirmisher, a novice DsAr (D:5)
  An orc sorcerer (D:9)
  A troll (D:8)
  2 dream sheep (D:7)
  2 yaks
  2 hungry ghosts (D:9)
  11 orc warriors
  2 ice beasts
  4 slaves
  6 ogres
  A centaur (D:5)
  3 big kobolds (D:8)
  A bullfrog (D:6)
  A scorpion (D:6)
  A water moccasin skeleton (D:7)
  A howler monkey (D:6)
  14 wights
  5 crimson imps
  A quasit (D:9)
  22 orc priests
  A centaur skeleton (D:7)
  3 hounds
  Crazy Yiuf (D:2)
  2 bullfrog skeletons
  A gnoll shaman (D:4)
  Jessica (D:3)
  2 iguanas
  Terence (D:3)
  29 orc wizards
  8 worker ants
  A hound skeleton (D:4)
  A worker ant zombie (D:5)
  8 gnolls
  6 adders
  A howler monkey skeleton (D:5)
  2 shadow imps
  3 oozes
  2 adder skeletons
  An adder zombie (D:5)
  5 worms
  3 dart slugs
  3 leopard geckos
  55 orcs
  3 ball pythons
  8 bats
  3 giant cockroaches
  9 goblins
  9 hobgoblins
  10 jackals
  3 kobolds
  5 quokkas
  2 ball python skeletons
  6 frilled lizards
  A giant cockroach zombie (D:5)
  A jackal skeleton (D:5)
  A leopard gecko zombie (D:5)
  A quokka skeleton (D:5)
  A quokka zombie (D:8)
  4 rats
  A fungus (D:2)
296 creatures vanquished.

Vanquished Creatures (others)
  An orc (D:7)
1 creature vanquished.

Grand Total: 297 creatures vanquished

Notes
Turn   | Place    | Note
-------+----------+-------------------------------------------
     0 | D:1      | Amnesiac the Spriggan Fighter began the quest for the Orb.
     0 | D:1      | Reached XP level 1. HP: 11/11 MP: 2/2
   181 | D:1      | Reached XP level 2. HP: 3/16 MP: 3/3
   579 | D:2      | Noticed Terence
   595 | D:3      | Noticed Jessica
   601 | D:2      | Found a white marble altar of Elyvilon.
   965 | D:3      | Killed Jessica
   965 | D:3      | Reached XP level 3. HP: 19/19 MP: 4/4
  1404 | D:3      | Found an opulent altar of Gozag.
  1556 | D:3      | Became a worshipper of Gozag Ym Sagoz the Greedy
  1682 | D:5      | Entered Level 5 of the Dungeon
  1707 | D:5      | Noticed braks's ghost (novice DsAr)
  1833 | D:4      | Reached skill level 5 in Dodging
  2067 | D:1      | Reached XP level 4. HP: 23/23 MP: 5/5
  2403 | D:2      | Found a blossoming altar of Fedhas.
  3554 | D:2      | Found a runed door.
  3558 | D:2      | Noticed Crazy Yiuf
  3571 | D:2      | Killed Crazy Yiuf
  3571 | D:2      | Reached XP level 5. HP: 14/28 MP: 4/6
  4359 | D:3      | Found a deep blue altar of Sif Muna.
  4557 | D:3      | Killed Terence
  4753 | D:4      | Found a sacrificial altar of Ru.
  5018 | D:4      | Reached XP level 6. HP: 32/32 MP: 7/7
  5301 | D:4      | Reached skill level 6 in Dodging
  5697 | D:5      | Found a staircase to the Ecumenical Temple.
  6104 | D:4      | Reached XP level 7. HP: 36/36 MP: 6/8
  6613 | D:5      | Killed braks's ghost
  6613 | D:5      | Reached skill level 5 in Long Blades
  6613 | D:5      | Reached skill level 7 in Dodging
  6613 | D:5      | Reached XP level 8. HP: 16/42 MP: 4/9
  6997 | D:6      | Learned a level 3 spell: Regeneration
  6999 | D:6      | Learned a level 1 spell: Animate Skeleton
  7133 | D:6      | Reached skill level 8 in Dodging
  7208 | D:6      | Found a hide-covered altar of Uskayaw.
  7208 | D:6      | Noticed a dagger
  7208 | D:6      | Noticed a dagger
  7375 | D:6      | Found a sparkling altar of Nemelex Xobeh.
  7933 | D:7      | Reached skill level 5 in Fighting
  7933 | D:7      | Reached XP level 9. HP: 32/47 MP: 8/10
  8225 | D:7      | Found Siqioj's Magic Scroll Shoppe.
  8237 | D:7      | Reached skill level 9 in Dodging
  8285 | D:7      | Bought a scroll of identify for 24 gold pieces
  8285 | D:7      | Bought a scroll of magic mapping for 42 gold pieces
  8285 | D:7      | Bought a scroll of fear for 42 gold pieces
  8285 | D:7      | Bought a scroll of identify for 24 gold pieces
  8365 | D:7      | Found a shattered altar of Ashenzari.
  8913 | D:7      | Bought a scroll of immolation for 42 gold pieces
  8939 | D:8      | Noticed Pikel
  9000 | D:7      | Killed Pikel
  9000 | D:7      | Reached skill level 5 in Shields
  9075 | D:8      | Found a staircase to the Lair.
  9336 | D:7      | Reached skill level 10 in Dodging
  9519 | D:8      | Reached XP level 10. HP: 49/53 MP: 11/11
  9562 | D:8      | Noticed a two-headed ogre
  9579 | D:8      | Killed a two-headed ogre
  9681 | D:8      | Noticed a two-headed ogre
  9778 | D:8      | Killed a two-headed ogre
 10189 | D:8      | Noticed a three-headed hydra
 10209 | D:8      | Killed a one-headed hydra
 10209 | D:8      | Reached skill level 11 in Dodging
 10426 | D:9      | Identified a paperback manual
 10612 | D:9      | Found a sparkling altar of Nemelex Xobeh.
 10915 | D:9      | Found a stormy altar of Qazlal.
 11105 | D:9      | Noticed a two-headed ogre
 11204 | D:8      | Killed a two-headed ogre
 11306 | D:9      | Reached XP level 11. HP: 56/58 MP: 12/12
 11833 | D:9      | Found a staircase to the Orcish Mines.
 11919 | Orc:1    | Entered Level 1 of the Orcish Mines
 11924 | Orc:1    | Noticed an orc sorcerer
 12021 | D:9      | Killed an orc sorcerer
 12183 | Orc:1    | Found Ifijiulu's Armour Boutique.
 12696 | Orc:2    | Entered Level 2 of the Orcish Mines
 12904 | Orc:2    | Noticed p0werm0de's ghost (journeyman GrCK)
 13303 | Orc:1    | Noticed an orc sorcerer
 13601 | Orc:2    | Killed p0werm0de's ghost
 13601 | Orc:2    | Reached skill level 12 in Dodging
 13729 | Orc:2    | Found a staircase to the Elven Halls.
 14296 | Orc:2    | Slain by an orc warrior

Vault maps used:
D:1:      lightli_iron_boxes
D:2:      kennysheep_six_static_rooms, elyvilon_altar_1, lemuel_round_altar,
          uniq_crazy_yiuf_cottage, uniq_terence
D:3:      nicolae_overflow_hidden_temple, led_sif_book, uniq_jessica
D:4:      nicolae_ru_great_annihilating_truth, grunt_decor_fettered
D:5:      minmay_temple_entry_butterflies, first_ration
D:6:      dancing_weapons_uskayaw, nemelex_xobeh_ov_fountains_minmay
D:7:      nicolae_overflow_crystal_walls, serial_shops, shop
D:8:      lair_entry_dummy, hangedman_ranch, uniq_pikel
D:9:      old_standard_altar, lemuel_doored_altar, david_orc_4
Orc:1:    serial_shops, shop
Orc:2:    st_orc_pillars

Skill      XL: |  1  2  3  4  5  6  7  8  9 10 11 |
---------------+----------------------------------+-----
Long Blades    | 2 3 4 5 6 7 9 |  9.9
Dodging        | 5 6 7 8 10 11 12 | 12.1
Fighting       | 3 4 5 6 7 |  7.3
Shields        | 3 4 5 6 |  6.7

Action                   |  1- 3 |  4- 6 |  7- 9 | 10-12 || total
-------------------------+-------+-------+-------+-------++-------
Melee: Long sword        |    83 |   293 |   124 |       ||   500
       Scimitar          |       |       |   289 |   473 ||   762
       Hand axe          |       |       |       |     5 ||     5
Evoke: Wand              |       |       |     3 |    24 ||    27
  Use: Scroll            |       |       |    13 |       ||    13
       Potion            |       |       |       |     4 ||     4
 Stab: Distracted        |     2 |       |     3 |     3 ||     8
       Sleeping          |       |     3 |     3 |       ||     6
       Paralysed         |       |     2 |       |       ||     2
       Confused          |       |       |       |     3 ||     3
  Eat: Ration            |       |     3 |     2 |     3 ||     8
Armor: Robe              |    10 |    16 |    29 |    18 ||    73
       Skin              |       |       |       |     3 ||     3
Dodge: Dodged            |    80 |   190 |   324 |   348 ||   942
Block: Buckler           |    19 |    86 |   133 |   141 ||   379
       Rpst.: Long sword |    21 |    72 |    28 |       ||   121
       Scimitar          |       |       |    68 |    86 ||   154

Table legend:
 A = Spawn XP
 B = Non-spawn XP
 C = Spawn XP percentage of total XP
 D = Spawn monster count
 E = Non-spawn monster count
 F = Spawn count percentage of total count
 G = Total turns spent on level
                    A         B        C        D         E        F      G
               +---------+---------+-------+---------+---------+-------+---------
         Total |       0 |   15891 |   0.0 |       0 |     292 |   0.0 | 14296
               +---------+---------+-------+---------+---------+-------+---------
           D:1 |       0 |      42 |   0.0 |       0 |      19 |   0.0 |  1160
           D:2 |       0 |     105 |   0.0 |       0 |      29 |   0.0 |  1431
           D:3 |       0 |     106 |   0.0 |       0 |      15 |   0.0 |  1425
           D:4 |       0 |     366 |   0.0 |       0 |      23 |   0.0 |  1960
           D:5 |       0 |    1026 |   0.0 |       0 |      24 |   0.0 |   839
           D:6 |       0 |    1066 |   0.0 |       0 |      33 |   0.0 |  1272
           D:7 |       0 |    2542 |   0.0 |       0 |      29 |   0.0 |  1252
           D:8 |       0 |    5390 |   0.0 |       0 |      28 |   0.0 |  1416
           D:9 |       0 |    1997 |   0.0 |       0 |      29 |   0.0 |  1284
         Orc:1 |       0 |     714 |   0.0 |       0 |      14 |   0.0 |  1012
         Orc:2 |       0 |    2537 |   0.0 |       0 |      49 |   0.0 |  1245
               +---------+---------+-------+---------+---------+-------+---------
